 Dungeon Crawl Stone Soup version 0.29-a0-819-g94b489e0ae (webtiles) character file.

Game seed: 3258340954289695313

181910 wingedge the Unseen (level 17, -2/103 HPs)
             Began as a Vampire Enchanter on July 5, 2022.
             Was a High Priest of Nemelex Xobeh.
             Killed from afar by an eleionoma (40 damage)
             ... with a spray of wooden splinters
             ... on level 3 of the Swamp on July 6, 2022.
             The game lasted 03:07:29 (31040 turns).

wingedge the Unseen (Vampire Enchanter)            Turns: 31040, Time: 03:07:30

Health: -2/103     AC: 17    Str:  7    XL:     17   Next: 69%
Magic:  29/30      EV: 21    Int: 25    God:    Nemelex Xobeh [*****.]
Gold:   1569       SH: 10    Dex: 18    Spells: 9/35 levels left

rFire   + . .      SeeInvis +   a - +9 rapier (vamp)
rCold   + + .      Faith    .   O - +0 buckler
rNeg    + + +      Spirit   .   J - +3 leather armour {rF+}
rPois   ∞          Reflect  +   u - +1 hat of the Worm {rElec Regen+ Int-4}
rElec   +          Harm     .   (no cloak)
rCorr   +          Rampage  .   G - +2 pair of gloves {hurl}
Will    +....                   L - +2 pair of boots {Fly}
Stlth   +++++++++.              p - amulet of reflection
HPRegen 0.00/turn               R - ring of Oricry {rCorr EV+4 Int+7}
MPRegen 0.22/turn               W - +4 ring of protection

@: liquefying, flying, bloodless, inhibited regen, studying Transmutations,
slowed movement, very slow
A: bloodless, fangs 3, see invisible, vampiric 2
a: Bat Form, Revivify, Renounce Religion, Draw Escape, Draw Destruction, Draw
Summoning, Draw Stack, Triple Draw, Deal Four, Stack Five


You were on level 3 of the Swamp.
You worshipped Nemelex Xobeh.
Nemelex Xobeh was extremely pleased with you.
You visited 5 branches of the dungeon, and saw 27 of its levels.
You also visited: Bailey, Gauntlet and Ice Cave.

You collected 3233 gold pieces.
You spent 1664 gold pieces at shops.

Inventory:

Hand Weapons
 a - a +9 vampiric rapier (weapon)
 b - the +0 sling "Athrau" {freeze, rElec Will+ Int+7}
   (You took it off a minotaur in a Gauntlet)

   Any ammunition fired from it freezes those it strikes, dealing additional
   cold damage.
   It can also slow down cold-blooded creatures.
   Int:       It affects your intelligence (+7).
   rElec:     It insulates you from electricity.
   Will:      It increases your willpower.
 x - the +3 short sword "Weenoluz" {vorpal, rC++ Dex+4}
   (You found it on level 8 of the Dungeon)

   It inflicts extra damage upon your enemies.
   Dex:       It affects your dexterity (+4).
   rC:        It greatly protects you from cold.
Missiles
 F - a throwing net
 I - 12 silver javelins (quivered)
Armour
 d - +0 fire dragon scales
 l - a +2 robe of the Archmagi
 u - the +1 hat of the Worm (worn) {rElec Regen+ Int-4}
   (You found it on level 1 of the Orcish Mines)

   Int:       It affects your intelligence (-4).
   rElec:     It insulates you from electricity.
   Regen:     It increases your rate of health regeneration.
 G - a +2 pair of gloves of hurling (worn)
 J - a +3 leather armour of fire resistance (worn)
 L - a +2 pair of boots of flying (worn)
 O - a +0 buckler (worn)
Jewellery
 h - the amulet of the Evening {rElec Regen+}
   (You found it on level 12 of the Dungeon)

   [amulet of regeneration]

   rElec:     It insulates you from electricity.
   Regen:     It increases your rate of health regeneration.
 p - an amulet of reflection (around neck)
 r - the ring "Afied" {rF+ Will+}
   (You found it on level 11 of the Dungeon)

   [ring of protection from fire]

   rF:        It protects you from fire.
   Will:      It increases your willpower.
 M - the ring of Qusuthump {*Corrode rElec rN+ Will++ EV+4}
   (You acquired it in a bailey)

   [ring of evasion]

   EV:        It affects your evasion (+4).
   rElec:     It insulates you from electricity.
   rN:        It protects you from negative energy.
   *Corrode:  It may corrode you when you take damage.
   Will:      It greatly increases your willpower.
 R - the ring of Oricry (left hand) {rCorr EV+4 Int+7}
   (You found it on level 11 of the Dungeon)

   [ring of evasion]

   EV:        It affects your evasion (+4).
   Int:       It affects your intelligence (+7).
   rCorr:     It protects you from acid and corrosion.
 S - the amulet of Ascent {Acrobat rF+ Int+3}
   (You found it on level 11 of the Dungeon)

   [amulet of the acrobat]

   It increases your evasion while moving and waiting.
   Int:       It affects your intelligence (+3).
   rF:        It protects you from fire.
 W - a +4 ring of protection (right hand)
Wands
 e - a wand of polymorph (22)
 n - a wand of digging (4)
 C - a wand of charming (34)
 K - a wand of iceblast (35)
 P - a wand of mindburst (35)
Scrolls
 c - 2 scrolls of silence
 j - 5 scrolls of amnesia
 k - a scroll of summoning
 m - 2 scrolls of torment
 s - 2 scrolls of fear
 v - a scroll of enchant armour
 w - a scroll of poison
 y - 3 scrolls of immolation
 D - a scroll of enchant weapon
 E - 2 scrolls of vulnerability
 H - 5 scrolls of teleportation
 T - a scroll of fog
Potions
 g - 9 potions of curing
 i - 5 potions of cancellation
 o - 13 potions of attraction
 q - 4 potions of mutation
 t - 8 potions of brilliance
 z - 11 potions of ambrosia
 A - 4 potions of might
 B - 2 potions of resistance
 U - a potion of heal wounds
Miscellaneous
 N - a tin of tremorstones (2/2)
 V - a phial of floods
 X - a phantom mirror
 Y - a lightning rod (4/4)


   Skills:
 + Level 10.5 Fighting
 * Level 14.5 Short Blades
 + Level 2.5 Throwing
 + Level 3.6 Armour
 + Level 10.7 Dodging
 + Level 18.3 Stealth
 * Level 2.6 Shields
 * Level 9.7 Spellcasting
 + Level 14.2 Hexes
 * Level 13.3 Ice Magic
 - Level 1.0 Earth Magic
 + Level 8.7 Invocations


You had 9 spell levels left.
You knew the following spells:

 Your Spells              Type           Power      Damage    Failure   Level
a - Ensorcelled Hibernat  Hex/Ice        100%       N/A       1%          2
b - Confusing Touch       Hex            70%        N/A       1%          3
c - Tukima's Dance        Hex            70%        N/A       1%          3
d - Dazzling Flash        Conj/Hex       94%        N/A       1%          3
e - Ozocubu's Refrigerat  Ice            34%        4d11      34%         7
f - Leda's Liquefaction   Hex/Erth       25%        N/A       4%          4
g - Cause Fear            Hex            35%        N/A       1%          4

Your spell library contained the following spells:

 Spells                   Type           Power      Damage    Failure   Level
 Freeze                   Ice            100%       1d11      1%          1
 Frozen Ramparts          Ice            100%       1d12      1%          3
 Portal Projectile        Hex/Tloc       94%        N/A       1%          3
 Summon Guardian Golem    Hex/Summ       47%        N/A       1%          3
 Hailstorm                Conj/Ice       45%        3d10      6%          4
 Apportation              Tloc           24%        N/A       10%         1
 Beastly Appendage        Tmut           24%        N/A       10%         1
 Magic Dart               Conj           48%        1d5       10%         1
 Summon Small Mammal      Summ           48%        N/A       10%         1
 Blink                    Tloc           24%        N/A       14%         2
 Call Imp                 Summ           12%        N/A       14%         2
 Scorch                   Fire           24%        2d6       14%         2
 Sublimation of Blood     Necr           12%        N/A       14%         2
 Wereblood                Tmut           12%        N/A       14%         2
 Stone Arrow              Conj/Erth      28%        3d8       24%         3
 Call Canine Familiar     Summ           12%        N/A       28%         3
 Lesser Beckoning         Tloc           12%        N/A       28%         3
 Mephitic Cloud           Conj/Pois/Air  12%        N/A       28%         3
 Spider Form              Tmut/Pois      12%        N/A       28%         3
 Flame Wave               Conj/Fire      12%        2d6       67%         4
 Olgreb's Toxic Radiance  Pois           12%        N/A       67%         4
 Summon Lightning Spire   Summ/Air       12%        N/A       67%         4
 Alistair's Intoxication  Tmut/Pois      8%         N/A       95%         5
 Fireball                 Conj/Fire      6%         3d5       95%         5
 Manifold Assault         Tloc           12%        N/A       95%         5
 Summon Forest            Summ/Tloc      6%         N/A       95%         5
 Eringya's Noxious Bog    Tmut/Pois      6%         N/A       100%        6
 Summon Cactus Giant      Summ           6%         N/A       100%        6
 Dragon Form              Tmut           6%         N/A       100%        7
 Storm Form               Tmut/Air       6%         N/A       100%        7
 Summon Hydra             Summ           6%         N/A       100%        7
 Ignition                 Fire           6%         3d4       100%        8
 Maxwell's Capacitive Co  Air            6%         ∞         100%        8
 Dragon's Call            Summ           6%         N/A       100%        9


Dungeon Overview and Level Annotations

Branches:
Dungeon (15/15)            Temple (1/1) D:7            Lair (6/6) D:10
  Swamp (3/4) Lair:2        Snake (0/4) Lair:2        Slime (0/5) Lair:5
    Orc (2/2) D:10            Elf (0/3) Orc:2        Vaults (0/5) D:14
 Depths (0/4) D:15         Bailey (visited)           IceCv (visited)
Gauntlet (visited)

Altars:
Ashenzari
Dithmenos
Gozag
Nemelex Xobeh
Sif Muna
Uskayaw
Wu Jian
Xom
Jiyva

Shops:
D:4 *   D:12 [   D:15 *   Orc:2 [!=!

Portals:
Pandemonium: Orc:2

Annotations:
Swamp:2 3 runed translucent doors, porpoise's ghost, adept DsDe


Innate Abilities, Weirdness & Mutations

You do not regenerate when monsters are visible.
You are frail without blood (-20% HP).
You can heal yourself when you bite living creatures.
You are immune to poison.
You have razor-sharp teeth.
You have supernaturally acute eyesight. (SInv)
You are afflicted with vampirism and can become a bat while bloodless.


Message History

The eleionoma is moderately wounded.
The eleionoma hits you!
You puncture the eleionoma!
You feel better.
The eleionoma is heavily wounded.
The eleionoma becomes momentarily stuck in the liquid earth.
You puncture the eleionoma!
The eleionoma is heavily wounded.
The eleionoma becomes momentarily stuck in the liquid earth.
You barely miss the eleionoma.
The eleionoma is heavily wounded.
The eleionoma completely misses you.
You puncture the eleionoma!
The eleionoma is severely wounded.
The eleionoma hurls a spray of splinters at you.
The spray of wooden splinters misses you.
You puncture the eleionoma!
The eleionoma is almost dead.
The eleionoma hurls a spray of splinters at you.
The spray of wooden splinters hits you!
You puncture the eleionoma!
You kill the eleionoma!
You hit the eleionoma.
The eleionoma is lightly wounded.
The eleionoma becomes momentarily stuck in the liquid earth.
You puncture the eleionoma!
You feel better.
The eleionoma is lightly wounded.
You hit the eleionoma.
You feel better.
The eleionoma is lightly wounded.
You block the eleionoma's attack.
You puncture the eleionoma!
The eleionoma is moderately wounded.
The eleionoma hits you!
You hit the eleionoma.
You feel better.
The eleionoma is moderately wounded.
You barely miss the eleionoma.
The eleionoma is moderately wounded.
The eleionoma hurls a spray of splinters at you.
The spray of wooden splinters hits you!!!
You die...
Your body disappears without a glow.

≈≈≈≈≈==♣ §≈≈PP..♣♣
≈≈≈PP...♣ ♣♣
≈≈§≈§...♣♣♣ .♣
.P≈≈≈≈.♣..♣ ..
.P≈≈≈≈.≈≈≈♣ ♣ .♣
...≈≈...>≈♣ ♣. .♣♣♣
........♣≈♣ ♣.♣.R♣♣
.♣♣♣.≈≈≈♣♣♣♣
♣.@..♣♣..♣♣ ≈♣
♣♣[.≈≈.≈♣ ♣♣♣.......♣
♣♣ ♣♣♣♣.≈§♣♣
♣..♣♣..♣..♣ ♣≈♣♣.≈≈♣
♣♣..♣♣♣♣
♣.≈.>≈≈♣...♣♣.♣...♣ ♣
♣.§≈.≈≈♣..........♣ ♣
♣≈≈≈.≈≈♣♣♣....♣♣..♣♣
♣
♣.≈≈..≈♣♣♣♣♣♣♣♣≈.♣≈♣♣
♣ ♣≈..♣♣..≈♣
..≈≈..≈§.♣♣♣♣♣♣


You could see an eleionoma (struggling).

Vanquished Creatures
  Mara (Swamp:3)
  Rupert (D:12)
  Frances (D:12)
  Gastronok (Lair:2)
  A fenstrider witch (Swamp:3)
  Donald (Swamp:1)
  An orc warlord (Orc:1)
  4 eleionomae
  2 bunyips (Swamp:2)
  2 fire dragons
  Harold (Lair:1)
  11 hydras
  2 demonspawn (Orc:2)
  A catoblepas (D:14)
  3 ghost crabs
  Erica (Lair:2)
  9 alligators
  2 death knights
  2 boulder beetles (D:11)
  3 centaur warriors
  4 two-headed ogres
  A death yak (Lair:4)
  2 tengu warriors
  5 orc high priests (Orc:2)
  Urug (Lair:5)
  3 skeletal warriors
  3 goliath frogs
  A swamp dragon (shapeshifter) (D:14)
  A sixfirhy (Orc:2)
  3 spriggan druids
  3 swamp dragons
  2 bog bodies
  4 orc knights (Orc:2)
  An orange crystal statue (D:10)
  A wizard (D:15)
  2 phantasmal warriors (D:14)
  A deep elf zephyrmancer (Orc:1)
  The ghost of doggme the Cudgeller, a novice DsBe of Trog (D:7)
  A manticore (D:11)
  4 deep elf pyromancers
  2 wolf spiders (Lair:6)
  9 orc sorcerers
  2 necromancers
  An oklob plant (Lair:3)
  3 cyclopes
  2 will-o-the-wisps (Swamp:2)
  15 ugly things
  A shining eye (Gauntlet)
  7 elephants
  2 rust devils (Orc:2)
  11 black mambas
  2 naga magi (D:15)
  2 gargoyles
  9 cane toads
  4 centaur skeletons (D:15)
  2 ice statues (IceCv)
  A minotaur zombie (Gauntlet)
  A kobold demonologist (D:11)
  13 komodo dragons
  An unseen horror (D:11)
  7 rime drakes
  An efreet (D:14)
  2 freezing wraiths
  A yaktaur (D:11)
  2 tengu conjurers
  13 polar bears
  3 meliai (D:13)
  2 meliai (shapeshifter)
  A queen bee (shapeshifter) (D:14)
  6 tyrant leeches
  A bloated husk (Swamp:1)
  A queen bee (D:13)
  2 trolls
  8 hornets
  5 slime creatures
  20 blink frogs
  4 raiju (Lair:6)
  A dream sheep (Lair:6)
  A meliai zombie (D:15)
  2 centaur simulacra (Gauntlet)
  A spriggan (shapeshifter) (D:11)
  49 yaks
  A shadow (D:11)
  12 wyverns
  Sigmund (D:4)
  7 spriggans
  2 wraiths
  Eustachio (D:4)
  4 basilisks
  16 vampire mosquitoes
  A chaos spawn (Orc:2)
  A redback (Lair:6)
  A steam dragon (D:8)
  Menkaure (D:6)
  7 swamp worms
  10 wargs
  2 acid dragons
  36 water moccasins
  2 swamp drakes
  A floating eye (Gauntlet)
  13 hell hounds (Lair:6)
  30 orc warriors
  2 meliai simulacra
  2 sky beasts (D:7)
  12 black bears
  6 ogres
  6 centaurs
  5 ice beasts
  20 wolves
  A phantom (D:7)
  2 kobold brigands
  Blork the orc (D:4)
  12 bullfrogs
  4 necrophages
  A cane toad simulacrum (Gauntlet)
  4 gnoll sergeants
  A scorpion (D:5)
  7 wights (D:8)
  33 killer bees
  2 elephant simulacra (IceCv)
  2 electric eels
  9 howler monkeys
  A crimson imp (Orc:1)
  A quasit (Orc:1)
  29 orc priests
  A hound (D:7)
  6 jellies
  4 iguanas
  19 orc wizards
  5 hell rats (Lair:3)
  3 polar bear simulacra
  3 yak simulacra (Lair:5)
  2 wolf simulacra
  A boggart simulacrum (Gauntlet)
  19 gnolls
  9 adders
  2 shadow imps
  A white imp (Orc:1)
  A howler monkey simulacrum (D:11)
  An ufetubus (D:5)
  3 worms
  50 orcs
  7 ball pythons
  7 bats
  10 endoplasms
  4 giant cockroaches
  14 goblins
  17 hobgoblins
  4 jackals
  13 kobolds
  3 quokkas
  2 frilled lizards
  4 rats
  5 river rat simulacra (Lair:5)
849 creatures vanquished.

Vanquished Creatures (collateral kills)
  A minotaur (Gauntlet)
  A shambling mangrove (Swamp:3)
  2 hydras
  A death yak (Lair:4)
  An alligator (Swamp:2)
  2 elephants (Lair:5)
  A black mamba (Lair:6)
  A guardian serpent (Lair:6)
  3 cane toads (Lair:6)
  A kobold demonologist (Bailey)
  2 tyrant leeches (Swamp:2)
  A hornet (Lair:6)
  A blink frog (Lair:6)
  A spriggan (Swamp:2)
  A wyvern (Lair:6)
  A basilisk (Lair:6)
  8 yaks
  A redback (Lair:6)
  A vampire mosquito (Swamp:2)
  3 water moccasins (Lair:6)
  3 orc warriors
  2 orc wizards
  A gnoll (D:5)
  7 orcs
  A bat (D:1)
  A hobgoblin (D:8)
  A quokka (D:1)
  2 ball pythons (D:1)
  A goblin (Bailey)
53 creatures vanquished.

Vanquished Creatures (others)
  A bloated husk (Swamp:3)
  A dancing weapon (D:5)
  An orc warrior (Orc:2)
  A wolf (Lair:4)
  4 gnolls (D:7)
  An orc (D:7)
  4 foxfires (Swamp:2)
  22 fungi
  67 plants
102 creatures vanquished.

Grand Total: 1004 creatures vanquished

Notes
Turn   | Place    | Note
-------+----------+-------------------------------------------
     0 | D:1      | wingedge the Vampire Enchanter began the quest for the Orb.
     0 | D:1      | Reached XP level 1. HP: 13/13 MP: 3/3
   152 | D:1      | Found a faded altar of an unknown god.
   157 | D:1      | Prayed at the altar of an unknown god.
   157 | D:1      | Became a worshipper of Nemelex Xobeh the Trickster
   157 | D:1      | Reached * piety under Nemelex Xobeh
   225 | D:1      | Reached XP level 2. HP: 19/20 MP: 5/5
   448 | D:1      | Reached skill level 1 in Fighting
   476 | D:1      | Received a gift from Nemelex Xobeh
   535 | D:1      | Gained mutation: You are afflicted with vampirism and can
                  | become a bat while bloodless. [Vampire growth]
   535 | D:1      | Reached XP level 3. HP: 26/26 MP: 6/6
   632 | D:1      | Learned a level 2 spell: Ensorcelled Hibernation
   636 | D:1      | Learned a level 3 spell: Confusing Touch
  1175 | D:2      | Reached XP level 4. HP: 25/32 MP: 1/7
  1303 | D:2      | Reached ** piety under Nemelex Xobeh
  1380 | D:2      | You fall into a shaft and drop 2 floors!
  1454 | D:3      | Received a gift from Nemelex Xobeh
  1652 | D:2      | Reached skill level 5 in Stealth
  1899 | D:3      | Reached skill level 5 in Hexes
  2095 | D:3      | Reached skill level 1 in Ice Magic
  2370 | D:4      | Noticed Sigmund
  2397 | D:3      | Reached skill level 1 in Invocations
  2464 | D:4      | Reached XP level 5. HP: 36/38 MP: 5/8
  2505 | D:4      | Reached *** piety under Nemelex Xobeh
  2534 | D:4      | Noticed Eustachio
  2569 | D:4      | Killed Eustachio
  2570 | D:4      | Reached XP level 6. HP: 30/44 MP: 2/9
  2570 | D:4      | Killed Sigmund
  2752 | D:4      | Learned a level 3 spell: Tukima's Dance
  2762 | D:4      | Received a gift from Nemelex Xobeh
  2823 | D:4      | Found Gunlun's CLEARANCE SALE!.
  2832 | D:4      | Bought a potion of resistance for 50 gold pieces
  2871 | D:4      | Noticed Blork the orc
  2880 | D:4      | Killed Blork the orc
  2881 | D:4      | Reached XP level 7. HP: 51/51 MP: 11/11
  3108 | D:5      | Entered Level 5 of the Dungeon
  3132 | D:5      | Found a sparkling altar of Nemelex Xobeh.
  3159 | D:5      | Received a gift from Nemelex Xobeh
  3205 | D:5      | Reached skill level 6 in Stealth
  3413 | D:5      | HP: 1/41 [ogre/+0 giant club (23)]
  3745 | D:5      | Reached XP level 8. HP: 45/47 MP: 7/12
  3787 | D:5      | Found a broken altar of Ashenzari.
  4324 | D:5      | Reached **** piety under Nemelex Xobeh
  4349 | D:5      | Reached skill level 7 in Stealth
  4476 | D:5      | Found a shadowy altar of Dithmenos.
  4479 | D:5      | Found a hide-covered altar of Uskayaw.
  4486 | D:5      | Found a shimmering altar of Xom.
  4489 | D:5      | Found an ornate altar of the Wu Jian Council.
  4527 | D:5      | Found an opulent altar of Gozag.
  4664 | D:6      | Noticed Menkaure
  4667 | D:6      | Killed Menkaure
  4668 | D:6      | Reached skill level 5 in Short Blades
  5209 | D:6      | Reached skill level 8 in Stealth
  5270 | D:6      | Reached XP level 9. HP: 43/52 MP: 11/14
  5388 | D:6      | Received a gift from Nemelex Xobeh
  6183 | D:7      | Received a gift from Nemelex Xobeh
  6186 | D:7      | Noticed doggme's ghost (novice DsBe)
  6194 | D:7      | Found a transporter.
  6330 | D:7      | Reached skill level 5 in Dodging
  6330 | D:7      | Reached skill level 9 in Stealth
  6404 | D:7      | Found a transporter.
  6539 | D:7      | Reached ***** piety under Nemelex Xobeh
  6560 | D:7      | Found a staircase to the Ecumenical Temple.
  6570 | Temple   | Entered the Ecumenical Temple
  6775 | D:7      | Reached skill level 10 in Stealth
  6775 | D:7      | Reached XP level 10. HP: 58/58 MP: 16/16
  6929 | D:8      | Received a gift from Nemelex Xobeh
  6930 | D:8      | Identified the +3 short sword "Weenoluz" {vorpal, rC++
                  | Dex+4}
  7007 | D:8      | Found a flagged portal.
  7073 | Bailey   | Entered a bailey
  7214 | Bailey   | Noticed an orc sorcerer
  7221 | Bailey   | Killed an orc sorcerer
  7222 | Bailey   | Reached skill level 5 in Fighting
  7260 | Bailey   | Acquired the ring of Qusuthump {*Corrode rElec rN+ Will++
                  | EV+4}
  7416 | Bailey   | Found an iron altar of Okawaru.
  7419 | Bailey   | Noticed a rust devil
  7423 | Bailey   | Reached skill level 1 in Armour
  7423 | Bailey   | Reached skill level 11 in Stealth
  7434 | Bailey   | Identified the +2 scimitar "Orb Guardian's Peril" {vamp,
                  | Contam SInv Stlth+}
  7709 | D:8      | Received a gift from Nemelex Xobeh
  7760 | D:8      | Reached skill level 5 in Spellcasting
  8274 | D:9      | Received a gift from Nemelex Xobeh
  8473 | D:9      | Reached skill level 5 in Ice Magic
  8729 | D:9      | Received a gift from Nemelex Xobeh
  8893 | D:10     | Entered Level 10 of the Dungeon
  9029 | D:10     | Noticed an orange crystal statue
  9041 | D:10     | Identified the -1 quarterstaff "Foweam" {vorpal, *Noise
                  | Str+2 Int+3 Dex+3}
  9053 | D:10     | Killed an orange crystal statue
  9054 | D:10     | Reached XP level 11. HP: 43/64 MP: 6/18
  9056 | D:10     | Identified the ring "Neung" {Ice Stlth+}
  9116 | D:10     | Reached skill level 12 in Stealth
  9392 | D:10     | Noticed a two-headed ogre
  9399 | D:10     | Killed a two-headed ogre
  9432 | D:10     | Found a staircase to the Lair.
  9436 | D:10     | Received a gift from Nemelex Xobeh
  9675 | D:10     | Reached skill level 5 in Invocations
  9889 | D:10     | Found a staircase to the Orcish Mines.
  9889 | D:10     | Received a gift from Nemelex Xobeh
 10143 | Lair:1   | Entered Level 1 of the Lair of Beasts
 10143 | Lair:1   | Noticed Harold
 10152 | Lair:1   | Killed Harold
 10507 | Lair:1   | Received a gift from Nemelex Xobeh
 10556 | Lair:1   | Reached skill level 13 in Stealth
 10851 | Lair:2   | Reached ****** piety under Nemelex Xobeh
 10852 | Lair:2   | Noticed Erica
 10859 | Lair:2   | Killed Erica
 10995 | Lair:2   | Found a staircase to the Snake Pit.
 10998 | Lair:2   | Reached skill level 10 in Hexes
 11004 | Lair:2   | Reached XP level 12. HP: 70/70 MP: 10/20
 11110 | Lair:2   | Noticed Gastronok
 11116 | Lair:2   | Noticed a four-headed hydra
 11127 | Lair:2   | Killed Gastronok
 11129 | Lair:2   | Killed a four-headed hydra
 11317 | Lair:2   | Reached skill level 14 in Stealth
 11398 | Lair:2   | Noticed a fire dragon
 11407 | Lair:2   | Killed a fire dragon
 11408 | Lair:2   | Reached skill level 10 in Short Blades
 11553 | Lair:2   | Found a staircase to the Swamp.
 11721 | Lair:2   | Received a gift from Nemelex Xobeh
 11781 | Lair:2   | Found a shimmering blue altar of Sif Muna.
 12309 | Lair:3   | Found a frozen archway.
 12322 | IceCv    | Entered an ice cave
 12325 | IceCv    | Found a transporter.
 12383 | IceCv    | Found a transporter.
 12926 | Lair:3   | Received a gift from Nemelex Xobeh
 13230 | Lair:3   | Received a gift from Nemelex Xobeh
 13686 | Lair:4   | Received a gift from Nemelex Xobeh
 13788 | Lair:4   | Reached XP level 13. HP: 76/76 MP: 22/22
 13791 | Lair:4   | Reached skill level 15 in Stealth
 13804 | Lair:4   | Identified the +1 plate armour of Instinct {Rampage Str+3
                  | Dex+2}
 13838 | Lair:4   | Identified the +4 long sword "Tuwn" {vorpal, Str+5}
 14884 | Lair:4   | Learned a level 3 spell: Dazzling Flash
 15009 | Lair:5   | Found a staircase to the Slime Pits.
 15009 | Lair:5   | Found a viscous altar of Jiyva.
 15136 | Lair:5   | Received a gift from Nemelex Xobeh
 15478 | Lair:5   | Noticed Urug
 15485 | Lair:5   | Killed Urug
 15699 | Lair:5   | Identified the +6 rapier "Cesmyt" {freeze, Fly Dex+6}
 16255 | Lair:6   | Entered Level 6 of the Lair of Beasts
 16323 | Lair:6   | Reached skill level 16 in Stealth
 17014 | Lair:6   | Reached XP level 14. HP: 82/82 MP: 6/24
 18727 | Lair:6   | Reached skill level 10 in Ice Magic
 19716 | D:7      | Killed doggme's ghost
 19884 | D:11     | Reached skill level 17 in Stealth
 20013 | D:11     | Received a gift from Nemelex Xobeh
 20493 | D:11     | Identified the ring of Oricry {rCorr EV+4 Int+7}
 20502 | D:11     | Identified the ring "Afied" {rF+ Will+}
 20513 | D:11     | Identified the amulet of Ascent {Acrobat rF+ Int+3}
 20517 | D:11     | Identified the ring "Gasoq" {Fly Dex+2}
 20864 | D:12     | Received a gift from Nemelex Xobeh
 20897 | D:12     | Noticed Rupert
 20902 | D:12     | Killed Rupert
 20915 | D:12     | Identified the amulet of the Evening {rElec Regen+}
 20988 | D:12     | Noticed Frances
 21001 | D:12     | Killed Frances
 21002 | D:12     | Reached XP level 15. HP: 52/89 MP: 20/26
 21085 | D:12     | Found Wuguis Suif's Armour Shoppe.
 21136 | D:12     | Learned a level 7 spell: Ozocubu's Refrigeration
 21809 | D:13     | Received a gift from Nemelex Xobeh
 22070 | Orc:1    | Entered Level 1 of the Orcish Mines
 22194 | Orc:2    | Entered Level 2 of the Orcish Mines
 22259 | Orc:2    | Found Zatzauw's Distillery.
 22506 | Orc:2    | Found Manipt's Distillery.
 22708 | Orc:2    | Bought a potion of curing for 42 gold pieces
 22708 | Orc:2    | Bought a potion of experience for 700 gold pieces
 22708 | Orc:2    | Bought a potion of mutation for 112 gold pieces
 22708 | Orc:2    | Bought 2 potions of brilliance for 112 gold pieces
 22708 | Orc:2    | Bought a potion of brilliance for 56 gold pieces
 22710 | Orc:2    | Bought a potion of haste for 160 gold pieces
 22710 | Orc:2    | Bought a potion of might for 64 gold pieces
 22710 | Orc:2    | Bought a potion of might for 64 gold pieces
 22710 | Orc:2    | Bought a potion of mutation for 128 gold pieces
 22710 | Orc:2    | Bought a potion of curing for 48 gold pieces
 22710 | Orc:2    | Bought a potion of cancellation for 128 gold pieces
 22745 | Orc:2    | Reached XP level 16. HP: 96/96 MP: 20/28
 22824 | Orc:2    | Found a staircase to the Elven Halls.
 22824 | Orc:2    | Received a gift from Nemelex Xobeh
 23169 | Orc:1    | Identified the +1 hat of the Worm {rElec Regen+ Int-4}
 23270 | Orc:1    | Received a gift from Nemelex Xobeh
 23752 | Orc:2    | Received a gift from Nemelex Xobeh
 24281 | Orc:2    | Paralysed by an orc sorcerer for 3 turns
 24296 | Orc:2    | Found Kist's Antique Armour Shoppe.
 24296 | Orc:2    | Found Xeegu's Jewellery Emporium.
 24297 | Orc:2    | Found a one-way gate leading to the halls of Pandemonium.
 24304 | Orc:2    | Reached skill level 10 in Dodging
 25445 | D:14     | Received a gift from Nemelex Xobeh
 25496 | D:14     | Received a gift from Nemelex Xobeh
 25549 | D:14     | Found a gate leading to a gauntlet.
 25561 | Gauntlet | Entered a Gauntlet
 25561 | Gauntlet | Found a transporter.
 25561 | Gauntlet | Found a transporter.
 25572 | Gauntlet | Found a transporter.
 25593 | Gauntlet | Found a transporter.
 25612 | Gauntlet | Found a transporter.
 25616 | Gauntlet | Found a transporter.
 25661 | Gauntlet | Found a transporter.
 25682 | Gauntlet | Found a transporter.
 25690 | Gauntlet | Found a transporter.
 25708 | Gauntlet | Found a transporter.
 25797 | Gauntlet | Found a transporter.
 25805 | Gauntlet | Found a transporter.
 25886 | Gauntlet | Found a transporter.
 25965 | Gauntlet | Found a transporter.
 25967 | Gauntlet | Found a transporter.
 26006 | Gauntlet | Identified the ring "Vilueluo" {Ice MP+9 Str+7}
 26049 | Gauntlet | Identified the +0 sling "Athrau" {freeze, rElec Will+
                  | Int+7}
 26154 | Gauntlet | Got the Grimoire of Solid Incandescence
 26227 | D:14     | Received a gift from Nemelex Xobeh
 26402 | D:15     | Entered Level 15 of the Dungeon
 26410 | D:15     | Found Ibynlui's Assorted Antiques.
 26591 | D:14     | Found a gate to the Vaults.
 27092 | D:15     | Reached skill level 1 in Throwing
 27210 | D:15     | Received a gift from Nemelex Xobeh
 27322 | D:15     | Found a shimmering blue altar of Sif Muna.
 27554 | D:15     | Reached XP level 17. HP: 95/101 MP: 17/30
 27803 | D:15     | Found a staircase to the Depths.
 28003 | Swamp:1  | Entered Level 1 of the Swamp
 28014 | Swamp:1  | Reached skill level 10 in Fighting
 28231 | Lair:2   | Reached skill level 18 in Stealth
 28373 | Swamp:1  | Noticed Donald
 28383 | Swamp:1  | HP: 3/102 [Donald/+0 demon trident of venom (38)]
 28593 | Swamp:1  | Killed Donald
 28980 | Swamp:1  | Upgraded the game from 0.29-a0-817-g9904bce7a6 to
                  | 0.29-a0-819-g94b489e0ae
 29370 | Swamp:1  | Learned a level 4 spell: Leda's Liquefaction
 29376 | Swamp:1  | Reached skill level 1 in Shields
 29726 | Swamp:2  | Found a runed translucent gate.
 29726 | Swamp:2  | Found a runed translucent gate.
 29727 | Swamp:2  | Noticed porpoise's ghost (adept DsDe)
 30145 | Swamp:2  | Found a runed translucent gate.
 30321 | Swamp:3  | Learned a level 4 spell: Cause Fear
 30410 | Swamp:3  | Reached skill level 1 in Earth Magic
 30475 | Swamp:3  | Received a gift from Nemelex Xobeh
 30508 | Swamp:3  | Noticed Mara
 30510 | Swamp:3  | Killed Mara
 31040 | Swamp:3  | Killed from afar by an eleionoma

Illustrated notes

Levels and vault maps discovered:
D:1:      dpeg_arrival_tiny_h, layout_rooms, chequers_ecumenical_altar_grove,
          minmay_heptomino_l4
D:2:      layout_basic, moated_statue, minmay_misc_feat_doors
D:3:      layout_rooms, nicolae_overflow_hidden_temple, serial_forest,
          infiniplex_forest_clump_diagonal, infiniplex_forest_clump_cross,
          infiniplex_forest_end_2, infiniplex_forest_end_1,
          infiniplex_forest_lined_2, infiniplex_forest_straight_2,
          infiniplex_forest_straight_3
D:4:      layout_rooms, zin_statuary, nicolae_shop_clearance, uniq_sigmund,
          uniq_eustachio, uniq_blork_the_orc
D:5:      minmay_evil_eye, layout_gridville,
          mainiacjoe_overflow_small_starburst, nicolae_ashenzari_skybound,
          nicolae_overflow_hallway_of_the_gods
D:6:      layout_loops_cross, uniq_menkaure
D:7:      layout_loops_ring, lemuel_temple_firewalk_b, gammafunk_ghost_arena,
          serial_bayou_pond_c
D:8:      layout_basic, enter_bailey_4, patterned_corridor
D:9:      layout_roguey, nicolae_figureground_pulse
D:10:     layout_gridville, erik_lair_orcish_takeover, orc_0_dummy, minivault_15
D:11:     minmay_the_grid_triangle_9x9_rhombus_thin
          [minmay_the_grid_triangle_9x9_from_above,
          minmay_the_grid_triangle_9x9_prize_special,
          minmay_the_grid_triangle_9x9_limited_checkers,
          minmay_the_grid_triangle_9x9_shrine], layout_stronghold
D:12:     layout_basic, serial_shops, shop, uniq_frances, uniq_rupert
D:13:     layout_roguey [special_room_bee], serial_aquarium,
          aquarium_bridge_island_large [aquarium_subvault_large_4_pools,
          aquarium_subvault_wall, aquarium_subvault_bridge,
          aquarium_subvault_wall, aquarium_subvault_bridge],
          aquarium_bridge_long_joined [aquarium_subvault_window,
          aquarium_subvault_balcony, aquarium_subvault_bridge,
          aquarium_subvault_bridge, aquarium_subvault_window,
          aquarium_subvault_window], aquarium_window_3, aquarium_window_1,
          aquarium_window_1, aquarium_window_2, aquarium_view_2b,
          aquarium_view_2e, aquarium_balcony_3a, elyvilon_altar_3
D:14:     layout_basic, david_vaults_2, gauntlet_entry_generic, nicolae_wwwww
D:15:     grunt_enter_depths_magical_seal, layout_cave_pools,
          nicolae_sif_muna_condensation, serial_shops, nicolae_diamond_shop
Temple:   ebering_untended_altars
Lair:1:   layout_misc_corridors, grunt_megastairs_4, uniq_harold
Lair:2:   dragon1_lemuel, layout_chaotic_city, minmay_swamp_entry_swarm,
          minmay_snake_entry_six_corridors, basic_altar, serial_bayou_shore_b,
          uniq_erica, uniq_gastronok
Lair:3:   layout_regular_city, portal_ice_cave_entry_pillars_2,
          grunt_forest_stairs_basic, cheibrodos_lair_caveside_slide,
          minmay_lair_oklob_items
Lair:4:   layout_cave_pods
Lair:5:   layout_cave_pods, nicolae_slime_entry_slimehenge,
          eino_house_with_fridge, uniq_urug
Lair:6:   hangedman_lair_tendril_chambers, layout_big_grid,
          hangedman_lair_caniforms_friends
Swamp:1:  layout_basic_swamp, evilmike_swamp_ruin_house_2, uniq_donald
Swamp:2:  layout_falls_marsh, gammafunk_ghost_necromancy,
          evilmike_swamp_ruin_house_1, swamp_pool2, kb_tengu_band
Swamp:3:  nicolae_swamp_wrong_neighborhood, layout_basic_swamp,
          nicolae_swamp_some_circles, swamp_pool1, grunt_witch_cave, uniq_mara
Orc:1:    layout_caves, basic_altar, hangedman_minor_magic
Orc:2:    pf_orc_diabolical, layout_diamond_mine

Skill      XL: |  1  2  3  4  5  6  7  8  9 10 11 12 13 14 15 16 17 |
---------------+----------------------------------------------------+-----
Fighting       | 1 2 3 4 5 6 7 8 9 10 | 10.5
Stealth        | 5 6 8 10 11 13 14 16 17 18 | 18.3
Hexes          | 5 6 7 8 9 10 11 12 13 14 | 14.2
Short Blades   | 2 3 4 5 6 8 9 10 11 12 13 14 | 14.5
Ice Magic      | 1 2 3 4 5 6 7 9 10 12 13 | 13.3
Invocations    | 1 2 3 4 5 6 7 8 |  8.7
Dodging        | 3 4 5 6 7 8 9 10 | 10.7
Spellcasting   | 3 4 5 6 7 8 9 |  9.7
Armour         | 1 2 3 |  3.6
Throwing       | 1 2 |  2.5
Shields        | 2 |  2.6
Earth Magic    | 1 |  1.0

Action                   |  1- 3 |  4- 6 |  7- 9 | 10-12 | 13-15 | 16-18 || total
-------------------------+-------+-------+-------+-------+-------+-------++-------
Melee: Dagger            |   115 |    48 |       |       |       |       ||   163
       Bite              |    10 |     7 |    34 |    41 |    91 |   106 ||   289
       Punch             |     1 |     1 |     2 |     6 |    10 |     4 ||    24
       Short sword       |       |    43 |       |     5 |       |    21 ||    69
       Rapier            |       |     1 |   221 |   360 |   714 |   646 ||  1942
 Fire: Sling             |       |       |       |       |       |     1 ||     1
Throw: Throwing net      |       |     3 |       |       |     1 |     1 ||     5
       Boomerang         |       |       |       |       |     5 |       ||     5
       Javelin           |       |       |       |       |       |     9 ||     9
 Cast: Ensorcelled Hiber |    14 |    25 |    58 |   111 |   165 |   153 ||   526
       Confusing Touch   |       |     2 |    16 |    16 |    73 |    68 ||   175
       Tukima's Dance    |       |       |     2 |     3 |     1 |     4 ||    10
       Dazzling Flash    |       |       |       |       |    14 |    35 ||    49
       Ozocubu's Refrige |       |       |       |       |       |     4 ||     4
       Leda's Liquefacti |       |       |       |       |       |     5 ||     5
       Cause Fear        |       |       |       |       |       |     2 ||     2
Invok: Draw Summoning    |     1 |     1 |       |     1 |     8 |     9 ||    20
       Draw Destruction  |       |     5 |     2 |     6 |    17 |     7 ||    37
       Triple Draw       |       |       |       |     1 |     5 |     1 ||     7
       Draw Escape       |       |       |       |       |     7 |     2 ||     9
       Deal Four         |       |       |       |       |     4 |     8 ||    12
       Draw Stack        |       |       |       |       |       |     4 ||     4
       Stack Five        |       |       |       |       |       |     1 ||     1
 Abil: Exsanguinate      |       |       |     2 |       |       |       ||     2
       Bat Form          |       |       |     1 |       |     1 |       ||     2
       Revivify          |       |       |     1 |       |       |       ||     1
       End Transformatio |       |       |       |       |     1 |       ||     1
Evoke: Wand              |       |     1 |       |       |       |     1 ||     2
  Use: Potion            |     2 |     2 |       |     3 |     5 |    13 ||    25
       Scroll            |       |    10 |     4 |    13 |    25 |    13 ||    65
 Stab: Sleeping          |    10 |    16 |    49 |   125 |   147 |    91 ||   438
       Invisible         |     1 |       |       |     6 |    22 |    23 ||    52
       Confused          |       |     1 |    14 |    14 |    54 |    65 ||   148
       Held in net/web   |       |     1 |       |       |     1 |     1 ||     3
       Distracted        |       |       |     1 |     2 |       |       ||     3
Armor: Robe              |    15 |     9 |    36 |    39 |   110 |       ||   209
       Leather armour    |       |       |       |       |     9 |   148 ||   157
Dodge: Dodged            |    88 |    52 |   109 |   190 |   791 |   627 ||  1857
Block: Other             |       |       |       |    16 |   140 |    82 ||   238
       Reflection        |       |       |       |       |       |     2 ||     2
       Buckler           |       |       |       |       |       |    71 ||    71

Table legend: (Time is in decaauts)
 A = Elapsed time spent in this place.
 B = Non-inter-level travel time spent in this place.
 C = Inter-level travel time spent in this place.
 D = Time resting spent in this place.
 E = Time spent auto-exploring this place.
 F = Levels seen in this place.
 G = Mean time per level.
                   A        B        C        D        E       F      G
               +--------+--------+--------+--------+--------+-----+--------+
         Total |  30026 |  28664 |   1362 |   6939 |  12713 |  30 | 1000.9 |
       Dungeon |  14539 |  13795 |    744 |   2681 |   7041 |  15 |  969.3 |
        Temple |      1 |      1 |      0 |      0 |      0 |   1 |    1.0 |
          Lair |   9156 |   8787 |    369 |   2875 |   3940 |   6 | 1526.0 |
         Swamp |   2683 |   2563 |    120 |    848 |    770 |   3 |  894.3 |
  Orcish Mines |   2397 |   2270 |    127 |    417 |    899 |   2 | 1198.5 |
        Bailey |    406 |    406 |      0 |     44 |      0 |   1 |  406.0 |
      Ice Cave |    237 |    237 |      0 |     14 |     62 |   1 |  237.0 |
      Gauntlet |    603 |    603 |      0 |     59 |      0 |   1 |  603.0 |
               +--------+--------+--------+--------+--------+-----+--------+

Top non-repeatable levels by time:
  Lair:6: 2741 daAuts
  Lair:5: 1590 daAuts
  Lair:2: 1531 daAuts
   Orc:2: 1443 daAuts
  Lair:4: 1379 daAuts
     D:5: 1373 daAuts
    D:10: 1297 daAuts
     D:6: 1232 daAuts
    D:13: 1177 daAuts
  Lair:3: 1168 daAuts
     D:7: 1105 daAuts
 Swamp:1: 1011 daAuts
    D:11: 1010 daAuts
     D:2: 979 daAuts
     D:8: 957 daAuts
